 Dungeon Crawl Stone Soup version 0.19.5 (webtiles) character file.

7252 tognito the Severer (level 10, -1/69 HPs)
             Began as a Minotaur Berserker on July 2, 2017.
             Was a High Priest of Trog.
             Slain by a hill giant
             ... wielding a +0 giant spiked club
              (27 damage)
             ... on level 11 of the Dungeon.
             The game lasted 00:22:34 (11268 turns).

tognito the Severer (Minotaur Berserker)           Turns: 11268, Time: 00:22:35

Health: -1/69      AC: 14    Str: 25    XL:     10   Next: 88%
Magic:  7/9        EV:  9    Int:  4    God:    Trog [*****.]
Gold:   862        SH:  4    Dex: 14    Spells: 0 memorised, 9 levels left

rFire  . . .     SeeInvis .     b - -1 shortbow
rCold  . . .     Gourm    .     t - +2 chain mail {MR+}
rNeg   . . .     Faith    .     (shield currently unavailable)
rPois  .         Spirit   .     (helmet restricted)
rElec  .         Reflect  +     (no cloak)
rCorr  .         Harm     .     z - +0 pair of gloves
MR     +....                    (no boots)
Stlth  ..........               s - +4 amulet of reflection
                                w - +2 ring of dexterity
                                o - +3 ring of protection

@: no status effects
A: retaliatory headbutt, horns 2, camouflage 1, agile 1, frail 1
a: Berserk, Trog's Hand, Brothers in Arms, Burn Spellbooks, Renounce Religion


You were on level 11 of the Dungeon.
You worshipped Trog.
Trog was extremely pleased with you.
You were hungry.

You visited 1 branch of the dungeon, and saw 11 of its levels.
You also visited: Ossuary.

You collected 862 gold pieces.

Inventory:

Hand Weapons
 a - a +3 antimagic battleaxe
 b - a -1 shortbow (weapon)
 m - a +1 broad axe of venom
Missiles
 u - 34 arrows (quivered)
Armour
 t - a +2 chain mail of magic resistance (worn)
 z - a +0 pair of gloves (worn)
 D - a +0 plate armour
Jewellery
 k - an uncursed ring of poison resistance
 o - a +3 ring of protection (left hand)
 s - a +4 amulet of reflection (around neck)
 w - a +2 ring of dexterity (right hand)
Wands
 h - a wand of polymorph (13/24)
 y - a wand of flame (40/48)
 E - a wand of lightning (0/15)
 F - a wand of iceblast (7/15)
Scrolls
 e - 7 scrolls of remove curse
 j - 10 scrolls of identify
 p - a scroll of enchant weapon
 q - a scroll of magic mapping
 x - a scroll of fear
 C - 2 scrolls of brand weapon
Potions
 i - 2 potions of resistance
 l - a potion of invisibility
 n - a potion of might
 r - a potion of heal wounds
 v - 2 potions of curing
Comestibles
 c - 8 bread rations
 d - 6 meat rations
 f - 17 fruits
 g - 8 beef jerkies
 B - a royal jelly


   Skills:
 - Level 3.6 Fighting
 + Level 18.5 Axes
 - Level 2.4 Armour
 - Level 2.1 Dodging


You had 9 spell levels left.
You didn't know any spells.

Dungeon Overview and Level Annotations

Branches:
Dungeon (11/15)            Temple (0/1) D:5            Lair (0/6) D:8
    Orc (0/2) D:9

Altars:
Ashenzari
Gozag
Kikubaaqudgha
Makhleb
Nemelex Xobeh
Okawaru
Ru
Sif Muna
Uskayaw
Yredelemnul

Shops:
D:5 **   D:8 *

Annotations:
D:4 Blork the orc


Innate Abilities, Weirdness & Mutations

You reflexively headbutt those who attack you in melee.
You have a pair of horns on your head.
Your skin changes colour to match your surroundings (Stealth+).
You are agile. (Dex +2)
You are frail. (-10% HP)


Message History

Press: ? - help, Shift-Dir - straight line, f/p - hill giant
Aim: a hill giant, wielding a giant spiked club (lightly wounded)
You shoot an arrow. The arrow hits the hill giant.
The hill giant is lightly wounded.
Firing (i - inventory):
u - 37 arrows (quivered)
Press: ? - help, Shift-Dir - straight line, f/p - hill giant
Aim: a hill giant, wielding a giant spiked club (lightly wounded)
You shoot an arrow. The arrow barely misses the hill giant.
Firing (i - inventory):
u - 36 arrows (quivered)
Press: ? - help, Shift-Dir - straight line, f/p - hill giant
Aim: a hill giant, wielding a giant spiked club (lightly wounded)
You shoot an arrow. The arrow hits the hill giant.
The hill giant is moderately wounded.
Firing (i - inventory):
u - 35 arrows (quivered)
Press: ? - help, Shift-Dir - straight line, f/p - hill giant
Aim: a hill giant, wielding a giant spiked club (moderately wounded)
You shoot an arrow. The arrow hits the hill giant!
The hill giant is moderately wounded.
The hill giant hits you with a giant spiked club!!
You die...

##<..#
###.(#...#
#...## ###
####.###
#....#
#.#### #(#
#.###
#.@.#
###C#
#(...#
.(.###
##(## #(#
#.# #.(
...


You could see a hill giant.

Vanquished Creatures
  A hill giant (D:11)
  A cyclops (D:11)
  The ghost of Monsterracer the Cudgeler, an amateur OgHu (D:3)
  2 trolls (D:9)
  A hippogriff (D:10)
  4 yaks (D:9)
  A hungry ghost (D:6)
  Menkaure (D:6)
  7 orc warriors
  2 ice beasts
  2 sky beasts
  2 black bears
  3 phantoms
  6 ogres
  A centaur (D:6)
  A big kobold (D:10)
  6 bullfrogs
  A water moccasin zombie (D:6)
  2 scorpions
  5 wights (D:10)
  4 crimson imps
  3 centaur zombies
  2 bullfrog zombies
  A bullfrog skeleton (D:10)
  3 hounds
  8 orc priests
  A gnoll shaman (D:7)
  5 jellies
  5 iguanas
  7 orc wizards
  8 worker ants
  3 big kobold zombies (Ossuary)
  2 hound skeletons
  2 mummies (Ossuary)
  A worker ant zombie (D:6)
  11 adders
  11 gnolls
  A howler monkey skeleton (D:4)
  2 shadow imps
  An ooze (D:1)
  2 adder skeletons
  3 worms
  2 dart slugs
  7 leopard geckos
  31 orcs
  9 bats
  7 giant cockroaches
  3 gnoll zombies (Ossuary)
  11 goblins
  7 hobgoblins
  8 jackals
  5 quokkas
  2 ball pythons
  5 frilled lizards
  2 goblin zombies (Ossuary)
  3 hobgoblin zombies (Ossuary)
  17 kobolds
  A leopard gecko skeleton (D:7)
  3 orc zombies (Ossuary)
  A quokka skeleton (D:4)
  4 rats
264 creatures vanquished.

Vanquished Creatures (others)
  An orc wizard (D:10)
1 creature vanquished.

Grand Total: 265 creatures vanquished

Notes
Turn   | Place    | Note
-------+----------+-------------------------------------------
     0 | D:1      | tognito the Minotaur Berserker began the quest for the Orb.
     0 | D:1      | Reached XP level 1. HP: 19/19 MP: 0/0
    38 | D:1      | Reached skill level 4 in Axes
    45 | D:1      | Gained mutation: Your skin changes colour to match your surroundings (Stealth+). [potion of mutation]
    45 | D:1      | Gained mutation: You are frail. (-10% HP) [potion of mutation]
    45 | D:1      | Gained mutation: You are agile. (Dex +2) [potion of mutation]
    99 | D:1      | Reached XP level 2. HP: 23/23 MP: 1/1
   191 | D:1      | Reached skill level 5 in Axes
   215 | D:1      | Reached XP level 3. HP: 22/27 MP: 2/2
   265 | D:1      | Reached ** piety under Trog
  1257 | D:2      | Reached XP level 4. HP: 31/35 MP: 3/3
  1278 | D:2      | Reached skill level 6 in Axes
  1448 | D:2      | Found a sparkling altar of Nemelex Xobeh.
  2152 | D:3      | Noticed Monsterracer's ghost (amateur OgHu)
  2168 | D:3      | Killed Monsterracer's ghost
  2168 | D:3      | Reached skill level 8 in Axes
  2168 | D:3      | Reached XP level 5. HP: 34/40 MP: 4/4
  2168 | D:3      | Reached XP level 6. HP: 39/45 MP: 5/5
  3102 | D:4      | Reached *** piety under Trog
  3247 | D:4      | Reached skill level 9 in Axes
  3644 | D:4      | Reached XP level 7. HP: 41/51 MP: 6/6
  4040 | D:4      | Noticed Blork the orc
  4215 | D:4      | Found a deep blue altar of Sif Muna.
  4740 | D:4      | Reached skill level 10 in Axes
  4966 | D:5      | Entered Level 5 of the Dungeon
  5091 | D:5      | Found a sand-covered staircase.
  5095 | D:5      | Found Rituas's General Store.
  5098 | Ossuary  | Entered an ossuary
  5123 | Ossuary  | Reached **** piety under Trog
  5291 | D:5      | Reached skill level 11 in Axes
  5300 | D:5      | Found a staircase to the Ecumenical Temple.
  5342 | D:5      | Reached XP level 8. HP: 53/57 MP: 7/7
  5409 | D:5      | Found Kuphipt's General Store.
  6147 | D:6      | Reached skill level 12 in Axes
  6192 | D:6      | Reached skill level 13 in Axes
  6927 | D:6      | Reached XP level 9. HP: 58/63 MP: 8/8
  7037 | D:6      | Found a hide-covered altar of Uskayaw.
  7038 | D:6      | Found a shattered altar of Ashenzari.
  7042 | D:6      | Found an iron altar of Okawaru.
  7074 | D:6      | Reached skill level 14 in Axes
  7329 | D:6      | Noticed Menkaure
  7338 | D:6      | Killed Menkaure
  7600 | D:7      | Reached skill level 15 in Axes
  7913 | D:7      | Reached ***** piety under Trog
  8177 | D:7      | Found a sacrificial altar of Ru.
  8335 | D:7      | Found a faded altar of an unknown god.
  8335 | D:7      | Found an opulent altar of Gozag.
  8340 | D:7      | Found a faded altar of an unknown god.
  8342 | D:7      | Found a faded altar of an unknown god.
  8344 | D:7      | Found a faded altar of an unknown god.
  8522 | D:8      | Found a staircase to the Lair.
  8526 | D:8      | Found a burning altar of Makhleb.
  8575 | D:8      | Received a gift from Trog
  8708 | D:8      | Reached skill level 16 in Axes
  8828 | D:8      | Found Woibvism's Whimsical Warehouse.
  8926 | D:8      | Found a basalt altar of Yredelemnul.
  9247 | D:9      | Noticed a troll
  9258 | D:9      | Killed a troll
  9258 | D:9      | Reached XP level 10. HP: 55/69 MP: 3/9
  9332 | D:9      | Found a staircase to the Orcish Mines.
  9364 | D:9      | Reached skill level 17 in Axes
  9516 | D:9      | Found an ancient bone altar of Kikubaaqudgha.
  9814 | D:10     | Entered Level 10 of the Dungeon
 10963 | D:10     | Reached skill level 18 in Axes
 11079 | D:11     | Noticed a cyclops
 11089 | D:11     | Killed a cyclops
 11218 | D:11     | Noticed a hill giant
 11228 | D:11     | Killed a hill giant
 11264 | D:11     | Noticed a hill giant
 11268 | D:11     | Slain by a hill giant

Skill      XL: |  1  2  3  4  5  6  7  8  9 10 |
---------------+-------------------------------+-----
Axes           | 4 5 8 9 11 13 16 18 | 18.5
Fighting       | |  3.6
Armour         | |  2.4
Dodging        | |  2.1

Action                   |  1- 3 |  4- 6 |  7- 9 | 10-12 || total
-------------------------+-------+-------+-------+-------++-------
Melee: Hand axe          |    64 |    87 |     6 |       ||   157
       Headbutt          |    10 |    15 |    54 |    36 ||   115
       Broad axe         |       |       |   258 |       ||   258
       Battleaxe         |       |       |    22 |   132 ||   154
 Fire: Shortbow          |       |       |    95 |    71 ||   166
Invok: Berserk           |       |     2 |     1 |       ||     3
       Burn Spellbooks   |       |       |     1 |       ||     1
  Use: Potion            |     5 |     1 |     4 |     1 ||    11
       Scroll            |       |     2 |    13 |     2 ||    17
 Stab: Sleeping          |     8 |     3 |       |       ||    11
  Eat: Chunk             |     1 |     8 |    23 |     6 ||    38
Armor: Animal skin       |     4 |     5 |       |       ||     9
       Scale mail        |       |    16 |    25 |       ||    41
       Ring mail         |       |     1 |       |       ||     1
       Chain mail        |       |       |    58 |    49 ||   107
       Plate armour      |       |       |    71 |       ||    71
Dodge: Dodged            |    52 |    37 |    96 |    43 ||   228
Block: Other             |       |       |    31 |    15 ||    46
       Reflection        |       |       |       |     3 ||     3
